 Dungeon Crawl Stone Soup version 0.31-a0-479-g91c9547826 (webtiles) character file.

Game seed: 11308288885264206174

1204 Ethylacetat the Chopper (level 8, -10/43 HPs)
             Began as a Vine Stalker Monk on Aug 7, 2023.
             Mangled by a two-headed ogre
             ... wielding a +0 giant spiked club
              (16 damage)
             ... on level 6 of the Dungeon.
             The game lasted 00:07:15 (3996 turns).

Ethylacetat the Chopper (Vine Stalker Monk)         Turns: 3996, Time: 00:07:16

Health: -10/43     AC:  2    Str: 15    XL:     8   Next: 45%
Magic:  0/15       EV: 13    Int: 10    God:
Gold:   204        SH:  0    Dex: 18    Spells: 16/16 levels left

rFire   . . .        p - +0 hand axe (freeze)
rCold   + . .        d - orb {light}
rNeg    . . .        b - +0 robe
rPois   .            l - melded +2 helmet of the Game Afoot {rElec rN+ Dex+2 Stlth-}
rElec   .            (cloak currently unavailable)
rCorr   .            (gloves currently unavailable)
SInv    .            (boots currently unavailable)
Will    +....        f - amulet of regeneration
Stlth   +            i - ring of protection from cold
HPRegen 1.87/turn    (no ring)
MPRegen 0.14/turn

%: guardian spirit
@: beast-form, glowing
A: beast (slay +0), fangs 3, regeneration 1, magic shield, antimagic bite, no
potion heal 2
a: Begin Untransformation


You were on level 6 of the Dungeon.
You were a hulking beast.
You visited 1 branch of the dungeon, and saw 6 of its levels.

You collected 204 gold pieces.

Inventory:

Hand Weapons
 p - a +0 hand axe of freezing (weapon)
Armour
 b - a +0 robe (worn)
 d - an orb of light (worn)
 l - the +2 helmet of the Game Afoot (melded) {rElec rN+ Dex+2 Stlth-}
   (You took it off Robin on level 2 of the Dungeon)

   Dex:       It affects your dexterity (+2).
   rElec:     It insulates you from electricity.
   rN:        It protects you from negative energy.
   Stlth:     It makes you less stealthy.
Jewellery
 f - an amulet of regeneration (around neck)
 i - a ring of protection from cold (left hand)
Talismans
 o - a beast talisman (active)
Wands
 m - a wand of polymorph (9)
 r - a wand of mindburst (6)
Scrolls
 e - 11 scrolls of identify {unknown}
 g - a scroll of fog {unknown}
 h - a scroll of poison {unknown}
 k - 5 scrolls of teleportation {unknown}
 n - a scroll of torment {unknown}
 t - a scroll of immolation {unknown}
 v - 3 scrolls of fear {unknown}
Potions
 c - a potion of ambrosia
 j - 4 potions of degeneration {unknown}
 q - a potion of mutation {unknown}
 s - 2 potions of berserk rage {unknown}
 u - a potion of brilliance {unknown}
 w - 2 potions of enlightenment {unknown}
 x - a potion of heal wounds {unknown}


   Skills:
 + Level 5.2 Fighting
 * Level 6.9 Axes
 - Level 2.4 Dodging
 + Level 4.6 Spellcasting


You had 16 spell levels left.
You didn't know any spells.
Your spell library contained the following spells:

 Spells                   Type           Power      Damage    Failure   Level
 Apportation              Tloc           4%         N/A       24%         1
 Necrotise                Necr           8%         1d4       24%         1
 Summon Small Mammal      Summ           8%         N/A       24%         1
 Ensorcelled Hibernation  Hex/Ice        4%         N/A       36%         2
 Passwall                 Tmut/Erth      1%         N/A       36%         2
 Swiftness                Air            2%         N/A       58%         3


Dungeon Overview and Level Annotations

Branches:
Dungeon (6/15)
 Temple: D:4-7

Altars:
Cheibriados
Hepliaklqana
Nemelex Xobeh
Okawaru
Sif Muna

Shops:
D:1 [   D:2 (


Innate Abilities, Weirdness & Mutations

You are a hulking beast.
Your limbs bulge with bestial killing power. (Slay +0)
You have razor-sharp teeth.
Your natural rate of healing is unusually fast.
When hurt, damage is shared between your health and your magic reserves.
Your bite disrupts and absorbs the magic of your enemies.
Potions cannot restore your health.


Message History

You bite the two-headed ogre, but do no damage.
The two-headed ogre is lightly wounded.
The two-headed ogre barely misses you. The two-headed ogre closely misses you.
You hit the two-headed ogre. You freeze the two-headed ogre.
The two-headed ogre is moderately wounded.
You hit the two-headed ogre. You freeze the two-headed ogre.
You bite the two-headed ogre, but do no damage.
The two-headed ogre is moderately wounded.
The two-headed ogre hits you with a +0 giant spiked club!!
Ouch! That really hurt!
The two-headed ogre closely misses you.
You completely miss the two-headed ogre.
You bite the two-headed ogre, but do no damage.
The two-headed ogre is moderately wounded.
The two-headed ogre hits you with a +0 giant spiked club!!
* * * LOW HITPOINT WARNING * * *
The two-headed ogre closely misses you.
You hit the two-headed ogre. You freeze the two-headed ogre.
You bite the two-headed ogre, but do no damage.
The two-headed ogre is moderately wounded.
You hit the two-headed ogre but do no damage.
You bite the two-headed ogre. You drain its power.
You feel invigorated.
The two-headed ogre is heavily wounded.
The two-headed ogre closely misses you.
The two-headed ogre hits you with a +0 giant club.
* * * LOW HITPOINT WARNING * * *
You hit the two-headed ogre. You freeze the two-headed ogre.
The two-headed ogre is heavily wounded.
You hit the two-headed ogre but do no damage.
You bite the two-headed ogre. You drain its power.
You feel invigorated.
The two-headed ogre is heavily wounded.
The two-headed ogre misses you.
The two-headed ogre hits you with a +0 giant club!
* * * LOW HITPOINT WARNING * * *
You hit the two-headed ogre. You freeze the two-headed ogre.
You bite the two-headed ogre. You drain its power.
You feel invigorated.
The two-headed ogre is severely wounded.
The two-headed ogre barely misses you.
The two-headed ogre hits you with a +0 giant club!!
You die...

#.....##......### $.
###.............#.# ...
##......#....#......
...##......##....#...#..
...........#....##...#..
......#...##............
.............###........
..............##........
#.....h†....###........
......O.................
#.......#..##...###.....
..........###...####.##.
..........###....#####
..##....##.##.#....## .
......#..............
..###.........##......
##........# ......


You could see a two-headed ogre.

Vanquished Creatures
  An ice beast (D:5)
  3 ogres
  The ghost of paps the Changeling, an amateur DsSh (D:3)
  A phantom (D:5)
  A bullfrog (D:6)
  3 scorpions
  3 hounds
  2 orc priests
  3 iguanas
  A sleepcap (D:6)
  Jessica (D:3)
  An orc wizard (D:5)
  Robin (D:2)
  6 adders
  An ufetubus (D:5)
  A worm (D:2)
  4 dart slugs
  11 orcs
  8 bats
  4 endoplasms
  A giant cockroach (D:1)
  10 goblins
  11 hobgoblins
  6 kobolds
  5 quokkas
  3 ball pythons
  5 frilled lizards
  3 rats
101 creatures vanquished.

Notes
Turn   | Place    | Note
-------+----------+-------------------------------------------
     0 | D:1      | Ethylacetat the Vine Stalker Monk began the quest for the
                  | Orb.
     0 | D:1      | Reached XP level 1. HP: 11/11 MP: 2/2
   145 | D:1      | Reached XP level 2. HP: 9/16 MP: 0/3
   147 | D:1      | Reached skill level 3 in Axes
   290 | D:1      | Found Renuock's Antique Armour Boutique.
   480 | D:1      | Reached skill level 1 in Spellcasting
   595 | D:1      | Found a faded altar of an unknown god.
   704 | D:1      | Reached XP level 3. HP: 20/20 MP: 5/5
  1023 | D:2      | Identified the +1 pair of gloves of the Thirsty Places
                  | {+Blink rF+ rN+ Dex-2}
  1150 | D:2      | Found Awuiczuz's Weapon Shoppe.
  1174 | D:2      | Identified the +2 helmet of the Game Afoot {rElec rN+ Dex+2
                  | Stlth-}
  1174 | D:2      | Noticed Robin
  1193 | D:2      | Gained mutation: Your natural rate of healing is unusually
                  | fast. [Vine Stalker growth]
  1193 | D:2      | Reached XP level 4. HP: 24/24 MP: 5/7
  1194 | D:2      | Killed Robin
  1791 | D:3      | Reached skill level 4 in Axes
  1791 | D:3      | Reached XP level 5. HP: 23/28 MP: 6/8
  1859 | D:3      | Found a large runed translucent door.
  1860 | D:3      | Found a large runed translucent door.
  1862 | D:3      | Noticed paps's ghost (amateur DsSh)
  1884 | D:3      | Killed paps's ghost
  1996 | D:3      | Found an iron altar of Okawaru.
  2073 | D:3      | Noticed Jessica
  2083 | D:3      | Killed Jessica
  2084 | D:3      | Reached XP level 6. HP: 33/33 MP: 10/10
  2084 | D:3      | Found a shimmering blue altar of Sif Muna.
  2377 | D:4      | Reached skill level 5 in Axes
  2500 | D:4      | Found a snail-covered altar of Cheibriados.
  2997 | D:5      | Entered Level 5 of the Dungeon
  3088 | D:5      | Reached XP level 7. HP: 37/37 MP: 12/12
  3121 | D:5      | Found a sparkling altar of Nemelex Xobeh.
  3305 | D:5      | Reached skill level 6 in Axes
  3319 | D:5      | Found a hazy altar of Hepliaklqana.
  3386 | D:5      | Gained mutation: You have razor-sharp teeth. [Vine Stalker
                  | growth]
  3386 | D:5      | Reached XP level 8. HP: 42/42 MP: 15/15
  3656 | D:5      | Reached skill level 5 in Fighting
  3981 | D:6      | Noticed a two-headed ogre
  3996 | D:6      | Mangled by a two-headed ogre

Illustrated notes

Levels and vault maps discovered:
D:1:      heliophobic_arrival_battle_scene, layout_loops_ring,
          basic_ecumenical_altar, serial_shops, shop, grunt_decor_clamped
D:2:      layout_basic, serial_shops, shop, minmay_bisected, uniq_robin
D:3:      layout_rooms, okawaru_trees_1, tgw_sif, ebering_ghost_disaster_area
D:4:      layout_loops_ring, mainiacjoe_overflow_alcove_1
D:5:      layout_basic, nemelex_diamond_rough_becter, lemuel_doored_altar,
          minmay_misc_feat_iff, minmay_crystal_room,
          minmay_misc_feat_more_columns
D:6:      layout_cave_pools, nicolae_figureground_sparkle, uniq_edmund

Skill      XL: |  1  2  3  4  5  6  7  8 |
---------------+-------------------------+-----
Axes           | 3 4 5 6 |  6.9
Spellcasting   | 1 2 3 4 |  4.6
Fighting       | 3 4 5 |  5.2
Dodging        | |  2.4

Action                     |  1- 3 |  4- 6 |  7- 9 || total
---------------------------+-------+-------+-------++-------
  Melee: Hand axe          |    85 |   124 |   101 ||   310
         Bite              |    27 |    39 |    50 ||   116
  Evoke: Wand              |       |       |     7 ||     7
 Armour: Robe              |     8 |     9 |     7 ||    24
  Dodge: Dodged            |    56 |    80 |    72 ||   208
   Form: Beast             |       |     1 |       ||     1

Table legend: (Time is in decaauts)
 A = Elapsed time spent in this place.
 B = Non-inter-level travel time spent in this place.
 C = Inter-level travel time spent in this place.
 D = Time resting spent in this place.
 E = Time spent auto-exploring this place.
 F = Levels seen in this place.
 G = Mean time per level.
                   A        B        C        D        E       F      G
               +--------+--------+--------+--------+--------+-----+--------+
         Total |   4017 |   3837 |    180 |     75 |   3097 |   6 |  669.5 |
       Dungeon |   4017 |   3837 |    180 |     75 |   3097 |   6 |  669.5 |
               +--------+--------+--------+--------+--------+-----+--------+

Top non-repeatable levels by time:
     D:1: 896 daAuts
     D:2: 894 daAuts
     D:5: 879 daAuts
     D:4: 695 daAuts
     D:3: 533 daAuts
     D:6: 118 daAuts
